 Dungeon Crawl Stone Soup version 0.14.0-26-g1682e81 (webtiles) character file.

237 HenryFlower the Ruffian (level 5, -1/50 HPs)
             Began as a Troll Berserker on Apr 27, 2014.
             Was a Believer of Trog.
             Slain by an ogre
             ... wielding a +0,+0 giant club
              (19 damage)
             ... on Level 2 of the Dungeon.
             The game lasted 00:02:59 (1570 turns).

HenryFlower the Ruffian (Troll Berserker)           Turns: 1570, Time: 00:02:59

HP  -1/50        AC  5     Str 25      XL: 5   Next: 16%
MP   2/2         EV 10     Int  3      God: Trog [**....]
Gold 79          SH  0     Dex 10      Spells:  0 memorised,  4 levels left

rFire  . . .     SeeInvis .       - Unarmed
rCold  . . .     Clarity  .     b - +0 animal skin
rNeg   . . .     Conserve .     (shield restricted)
rPois  .         rCorr    .     (helmet restricted)
rElec  .         rRot     .     (no cloak)
SustAb . .       Spirit   .     (gloves unavailable)
rMut   .         Warding  .     (boots unavailable)
Gourm  +         Stasis   .     (no amulet)
MR     .....                    (no ring)
                                (no ring)

@: exhausted, slowed, very slow, not resistant to hostile enchantments,
unstealthy
A: unfitting armour, claws 3, fast metabolism 3, gourmand, regeneration 2,
saprovore 2, shaggy fur 1, tough skin 2
a: Burn Spellbooks, Berserk, Trog's Hand, Renounce Religion


You were on level 2 of the Dungeon.
You worshipped Trog.
Trog was pleased with you.
You were hungry.

You visited 1 branch of the dungeon, and saw 2 of its levels.

You collected 79 gold pieces.

Inventory:

Armour
 b - a +0 animal skin (worn)
 o - a +0 large shield
Magical devices
 k - a wand of random effects (10) {unknown}
Comestibles
 a - 2 meat rations
 h - 2 bread rations
 m - 12 grapes
Scrolls
 e - a scroll of amnesia {unknown}
 f - 2 scrolls of random uselessness {unknown}
 g - a scroll of blinking {unknown}
 l - a scroll of identify {unknown}
 n - a scroll of enchant weapon II {unknown}
 p - a scroll of teleportation {unknown}
Potions
 c - a potion of magic {unknown}
 d - a potion of heal wounds {unknown}
 j - a potion of lignification {unknown}


   Skills:
 - Level 2.4 Fighting
 + Level 0.1 Throwing
 - Level 2.6 Dodging
 * Level 5.9 Unarmed Combat


You had 4 spell levels left.
You didn't know any spells.

Dungeon Overview and Level Annotations

Branches:
Dungeon (2/15)

Altars:


Innate Abilities, Weirdness & Mutations

You are too large for most types of armour.
You have claws for hands.
Your metabolism is lightning-fast.
You like to eat raw meat.
You heal very quickly.
You can eat rotten meat.
You are covered in fur (AC +1).
You have very tough skin (AC +2).


Message History

Drink which item? (? for menu, Esc to quit)
You feel better.
It was a potion of curing.
You are feeling hungry.
The ogre barely misses you. The ogre hits you with a giant club!
* * * LOW HITPOINT WARNING * * *
Unknown command.
Drink which item? (? for menu, Esc to quit)
You feel better. The ogre hits you with a giant club.
You barely miss the ogre.
The ogre is moderately wounded.
The ogre barely misses you.
You claw the ogre!
The ogre begins to bleed from its wounds!
The ogre is severely wounded.
The ogre hits you with a giant club!
* * * LOW HITPOINT WARNING * * *
You claw the ogre!
The ogre is almost dead.
The ogre hits you with a giant club!
You die...

.#
#..........................
.#
#..........#...#...........
.####
#.......#......#........(..
....#
#................##.###...#
###.# #.............#.###.#
#....
#.#########<........###.#
#...#
#.##.....)..)...........#
#)..#
#.......##.###O##.......#
#.^.# #..#.##.##.#
#@##.#####.###...#
#.......##.#
#.##.##.........##
##.#.##.##.#
#.##.##.##.#######
#.#.##.....
..##.......##.....
#.<.......#
####......###..#.#
########### #......###..#.#
#.....).....#..
#............##
#......####..##


You could see an ogre (bleeding).

Vanquished Creatures
  Sigmund (D:2)
  Jessica (D:2)
  3 adders (D:2)
  2 giant geckos (D:1)
  An ooze (D:2)
  8 bats
  2 giant cockroaches
  4 goblins (D:1)
  4 hobgoblins
  7 giant newts
  7 kobolds
  6 rats
46 creatures vanquished.

Notes
Turn   | Place    | Note
--------------------------------------------------------------
     0 | D:1      | HenryFlower, the Troll Berserker, began the quest for the Orb.
     0 | D:1      | Reached XP level 1. HP: 22/22 MP: 1/1
   331 | D:1      | Reached XP level 2. HP: 27/29 MP: 1/1
   491 | D:1      | Acquired Trog's second power
   666 | D:1      | Reached skill level 4 in Unarmed Combat
   816 | D:1      | Reached XP level 3. HP: 34/36 MP: 2/2
   962 | D:2      | Noticed Jessica
   968 | D:2      | Killed Jessica
  1140 | D:2      | Noticed Sigmund
  1151 | D:2      | Killed Sigmund
  1151 | D:2      | Reached skill level 5 in Unarmed Combat
  1151 | D:2      | Reached XP level 4. HP: 44/44 MP: 2/2
  1266 | D:2      | Reached XP level 5. HP: 50/50 MP: 2/2
  1553 | D:2      | Noticed an ogre
  1570 | D:2      | Slain by an ogre

Action                   |  1- 3 |  4- 6 || total
-------------------------+-------+-------++-------
Melee: Unarmed           |   101 |    34 ||   135
Invok: Berserk           |       |     1 ||     1
  Use: Potion            |       |     2 ||     2
